General information
- name: BNet
- type: Ladder team game (AT/RT)
- host: Battle.net
- saver: C.J.W.
map: GoldRush
- players: 8
- length: 24:19
- speed: Fast
- version: 1.26 W3XP
- replay type: Public
» download(146 KB)
Players
team 1 (loser)
boredas (
purple | 0 APM | 2 actions | 24:18)

»
kungya (
yellow | 64 APM | 1324 actions | 20:41)
3 Blademaster
1 Wind Walk
2 Critical Strike
2 Shadow Hunter
1 Hex
1 Healing Wave
» actions
| Assign group hotkey | 16 | |
| Basic commands | 59 | |
| Build / train | 112 | |
| ESC pressed | 5 | |
| Enter build submenu | 17 | |
| Enter hero's abilities submenu | 5 | |
| Remove unit from queue | 2 | |
| Right click | 644 | |
| Select / deselect | 338 | |
| Select group hotkey | 49 | |
| Use ability | 77 | |
1324 total
» units
| Peon | 28 | |
| Grunt | 10 | |
| Raider | 5 | |
| Spirit Walker | 9 | |
| Wind Rider | 6 | |
| Troll Batrider | 5 | |
63 total
» upgrades
| Ensnare | 1 | |
| Spirit Walker Training | 1 | |
| Berserker Strength | 1 | |
| Armor | 1 | |
| Pillage | 1 | |
| Reinforced Defenses | 1 | |
6 total
» buildings
| Altar of Storms | 1 | |
| Barracks | 1 | |
| Orc Burrow | 5 | |
| Voodoo Lounge | 1 | |
| Stronghold | 3 | |
| Beastiary | 1 | |
| Spirit Lodge | 1 | |
| War Mill | 1 | |
| Watch Tower | 4 | |
| Fortress | 6 | |
24 total
» build order
00:08 Altar of Storms
00:17 Barracks
00:22 Orc Burrow
01:33 Orc Burrow
02:25 Voodoo Lounge
03:30 Stronghold
03:30 Stronghold
03:30 Stronghold
04:34 Orc Burrow
05:52 Beastiary
06:01 Spirit Lodge
06:16 War Mill
08:25 Orc Burrow
08:32 Watch Tower
09:08 Orc Burrow
11:40 Watch Tower
11:47 Fortress
11:48 Fortress
11:48 Fortress
11:48 Fortress
11:48 Fortress
12:11 Watch Tower
17:16 Watch Tower
» items
| Circlet of Nobility | 1 | |
| Healing Salve | 3 | |
| Orb of Lightning | 5 | |
| Lesser Clarity Potion | 1 | |
10 total
NecroNezniy (
blue | 38 APM | 797 actions | 20:52)
3 Demon Hunter
2 Mana Burn
1 Evasion
» actions
| Assign group hotkey | 5 | |
| Basic commands | 1 | |
| Build / train | 40 | |
| Enter build submenu | 12 | |
| Enter hero's abilities submenu | 3 | |
| Remove unit from queue | 1 | |
| Right click | 479 | |
| Select / deselect | 168 | |
| Select group hotkey | 6 | |
| Use ability | 82 | |
797 total
» units
» upgrades
» buildings
| Altar of Elders | 1 | |
| Moon Well | 8 | |
| Tree of Ages | 1 | |
| Tree of Eternity | 1 | |
| Ancient of Wind | 1 | |
| Chimaera Roost | 3 | |
15 total
» build order
00:07 Altar of Elders
00:12 Moon Well
02:34 Tree of Ages
02:38 Moon Well
02:40 Moon Well
02:43 Moon Well
03:42 Moon Well
03:46 Moon Well
05:04 Tree of Eternity
05:07 Ancient of Wind
07:59 Chimaera Roost
08:01 Chimaera Roost
08:04 Chimaera Roost
08:57 Moon Well
12:07 Moon Well
» items
| Potion of Healing | 2 | |
| Healing Salve | 1 | |
| Potion of Mana | 1 | |
| Scroll of Speed | 1 | |
| Scroll of Town Portal | 1 | |
| Orb of Venom | 1 | |
7 total
damn_i_cum (
pink | 39 APM | 816 actions | 20:51)
5 Demon Hunter
2 Immolation
2 Mana Burn
1 Evasion
2 Priestess of the Moon
1 Trueshot Aura
1 Searing Arrows
» actions
| Assign group hotkey | 19 | |
| Basic commands | 1 | |
| Build / train | 75 | |
| Enter build submenu | 22 | |
| Enter hero's abilities submenu | 7 | |
| Remove unit from queue | 4 | |
| Right click | 180 | |
| Select / deselect | 182 | |
| Select group hotkey | 269 | |
| Use ability | 57 | |
816 total
» units
| Wisp | 28 | |
| Druid of the Claw | 6 | |
| Dryad | 5 | |
| Mountain Giant | 3 | |
| Hippogryph | 2 | |
44 total
» upgrades
| Strength of the Wild | 3 | |
| Abolish Magic | 1 | |
| Druid of the Claw Training | 2 | |
| Reinforced Hides | 3 | |
| Hardened Skin | 2 | |
| Resistant Skin | 1 | |
| Mark of the Claw | 1 | |
| Well Spring | 0 | |
| Ultravision | -1 | |
12 total
» buildings
| Altar of Elders | 1 | |
| Moon Well | 7 | |
| Hunter's Hall | 1 | |
| Tree of Ages | 1 | |
| Tree of Life | 2 | |
| Ancient of Lore | 4 | |
| Ancient of Wonders | 1 | |
| Tree of Eternity | 1 | |
| Ancient of Wind | 1 | |
19 total
» build order
00:06 Altar of Elders
00:07 Moon Well
01:08 Hunter's Hall
02:08 Tree of Ages
02:22 Moon Well
03:25 Tree of Life
03:34 Moon Well
04:37 Ancient of Lore
04:55 Ancient of Lore
05:03 Ancient of Lore
05:32 Ancient of Lore
05:48 Moon Well
06:45 Ancient of Wonders
07:19 Tree of Eternity
07:45 Moon Well
09:03 Tree of Life
10:48 Moon Well
10:51 Moon Well
15:57 Ancient of Wind
» items
| Potion of Lesser Invulnerability | 1 | |
| Scroll of Town Portal | 3 | |
| Orb of Venom | 1 | |
5 total
team 2 (winner)

»
fsmskyil (
teal | 104 APM | 2526 actions | 24:18)
6 Crypt Lord
3 Carrion Beetles
2 Spiked Carapace
1 Locust Swarm
5 Death Knight
3 Death Coil
2 Unholy Aura
» actions
| Assign group hotkey | 117 | |
| Basic commands | 212 | |
| Build / train | 67 | |
| ESC pressed | 1 | |
| Enter build submenu | 25 | |
| Enter hero's abilities submenu | 11 | |
| Give item / drop item | 5 | |
| Right click | 568 | |
| Select / deselect | 320 | |
| Select group hotkey | 1144 | |
| Use ability | 56 | |
2526 total
» units
| Acolyte | 11 | |
| Ghoul | 5 | |
| Crypt Fiend | 6 | |
| Obsidian Statue | 3 | |
| Frost Wyrm | 5 | |
30 total
» upgrades
| Creature Attack | 3 | |
| Web | 1 | |
| Burrow | 2 | |
| Creature Carapace | 3 | |
| Destroyer Form | 1 | |
| Freezing Breath | 1 | |
| Unholy Strength | 1 | |
| Unholy Armor | 1 | |
13 total
» buildings
| Altar of Darkness | 1 | |
| Ziggurat | 9 | |
| Crypt | 1 | |
| Graveyard | 1 | |
| Tomb of Relics | 2 | |
| Nerubian Tower | 1 | |
| Halls of the Dead | 1 | |
| Slaughterhouse | 1 | |
| Black Citadel | 1 | |
| Sacrificial Pit | 1 | |
| Necropolis | 1 | |
| Boneyard | 2 | |
22 total
» build order
00:15 Altar of Darkness
00:18 Ziggurat
00:52 Crypt
01:06 Graveyard
01:24 Tomb of Relics
01:32 Nerubian Tower
01:45 Ziggurat
03:18 Halls of the Dead
04:50 Ziggurat
06:04 Ziggurat
06:43 Slaughterhouse
06:58 Black Citadel
09:23 Ziggurat
09:24 Ziggurat
09:26 Ziggurat
09:28 Ziggurat
09:56 Sacrificial Pit
10:35 Tomb of Relics
10:48 Ziggurat
10:50 Necropolis
11:24 Boneyard
11:25 Boneyard
» items
| Potion of Healing | 3 | |
| Scroll of Speed | 1 | |
| Orb of Corruption | 1 | |
| Scroll of Healing | 2 | |
| Scroll of Town Portal | 1 | |
8 total
C.J.W. (
green | 60 APM | 1460 actions | 24:19)
5 Death Knight
1 Death Coil
1 Death Pact
3 Unholy Aura
1 Blademaster
1 Wind Walk
» actions
| Basic commands | 51 | |
| Build / train | 64 | |
| ESC pressed | 3 | |
| Enter build submenu | 24 | |
| Enter hero's abilities submenu | 7 | |
| Give item / drop item | 2 | |
| Remove unit from queue | 2 | |
| Right click | 963 | |
| Select / deselect | 262 | |
| Use ability | 82 | |
1460 total
» units
| Acolyte | 7 | |
| Ghoul | 3 | |
| Crypt Fiend | 6 | |
| Banshee | 15 | |
| Wisp | 3 | |
34 total
» upgrades
| Web | 1 | |
| Necromancer Training | 1 | |
| Banshee Training | 2 | |
| Burrow | 1 | |
| Creature Attack | 1 | |
| Creature Carapace | 1 | |
7 total
» buildings
| Ziggurat | 7 | |
| Altar of Darkness | 1 | |
| Crypt | 1 | |
| Graveyard | 1 | |
| Nerubian Tower | 2 | |
| Tomb of Relics | 1 | |
| Spirit Tower | 3 | |
| Halls of the Dead | 1 | |
| Temple of the Damned | 3 | |
| Black Citadel | 1 | |
| Great Hall | 1 | |
| Altar of Storms | 1 | |
| Tree of Life | 2 | |
| Altar of Elders | 2 | |
| Moon Well | 1 | |
| Stronghold | 1 | |
| Orc Burrow | 2 | |
| Voodoo Lounge | 1 | |
| Fortress | 1 | |
| Tree of Ages | 1 | |
34 total
» build order
00:11 Ziggurat
00:24 Altar of Darkness
01:01 Crypt
01:20 Ziggurat
01:36 Graveyard
01:44 Nerubian Tower
02:34 Tomb of Relics
02:44 Ziggurat
03:09 Spirit Tower
03:38 Halls of the Dead
03:42 Spirit Tower
06:18 Temple of the Damned
06:19 Temple of the Damned
06:21 Black Citadel
06:27 Temple of the Damned
08:32 Ziggurat
12:00 Ziggurat
12:01 Ziggurat
12:06 Nerubian Tower
13:53 Great Hall
15:04 Altar of Storms
15:13 Ziggurat
16:52 Tree of Life
16:56 Altar of Elders
16:59 Moon Well
17:03 Tree of Life
17:07 Altar of Elders
17:25 Stronghold
18:29 Orc Burrow
19:43 Voodoo Lounge
19:46 Spirit Tower
22:40 Fortress
22:48 Orc Burrow
23:49 Tree of Ages
» items
Chinex (
orange | 36 APM | 864 actions | 24:18)
6 Demon Hunter
2 Immolation
3 Evasion
1 Metamorphosis
3 Keeper of the Grove
2 Entangling Roots
1 Force of Nature
» actions
| Assign group hotkey | 16 | |
| Build / train | 94 | |
| Enter build submenu | 27 | |
| Enter hero's abilities submenu | 9 | |
| Give item / drop item | 2 | |
| Right click | 205 | |
| Select / deselect | 228 | |
| Select group hotkey | 210 | |
| Use ability | 72 | |
864 total
» units
| Wisp | 33 | |
| Archer | 3 | |
| Huntress | 4 | |
| Forest Troll Shadow Priest | 1 | |
| Forest Troll Berserker | 1 | |
| Dryad | 7 | |
| Druid of the Claw | 3 | |
| Druid of the Talon | 2 | |
54 total
» upgrades
| Strength of the Moon | 3 | |
| Strength of the Wild | 4 | |
| Abolish Magic | 1 | |
| Druid of the Claw Training | 2 | |
| Well Spring | 1 | |
| Ultravision | 1 | |
| Reinforced Hides | 2 | |
| Moon Armor | 2 | |
| Druid of the Talon Training | 2 | |
| Mark of the Claw | 1 | |
| Nature's Blessing | 1 | |
20 total
» buildings
| Altar of Elders | 1 | |
| Moon Well | 8 | |
| Ancient of War | 1 | |
| Ancient of Wonders | 1 | |
| Hunter's Hall | 1 | |
| Tree of Life | 3 | |
| Tree of Ages | 1 | |
| Ancient of Wind | 2 | |
| Ancient of Lore | 2 | |
| Ancient Protector | 7 | |
| Tree of Eternity | 1 | |
| Chimaera Roost | 1 | |
29 total
» build order
00:10 Altar of Elders
00:15 Moon Well
00:22 Ancient of War
01:38 Moon Well
02:03 Moon Well
02:32 Ancient of Wonders
02:39 Hunter's Hall
03:14 Moon Well
04:13 Moon Well
04:48 Tree of Life
05:25 Tree of Ages
08:23 Ancient of Wind
08:30 Ancient of Lore
08:39 Ancient of Lore
09:01 Ancient Protector
10:03 Moon Well
10:07 Ancient Protector
10:16 Ancient Protector
11:44 Tree of Eternity
14:50 Ancient of Wind
17:06 Moon Well
17:54 Chimaera Roost
18:02 Tree of Life
18:30 Tree of Life
18:35 Ancient Protector
18:38 Ancient Protector
18:41 Ancient Protector
18:47 Ancient Protector
19:58 Moon Well
» items
| Moonstone | 1 | |
| Potion of Healing | 2 | |
| Scroll of Town Portal | 3 | |
| Potion of Lesser Invulnerability | 1 | |
7 total
19982899 (
red | 41 APM | 987 actions | 24:18)
3 Blademaster
1 Wind Walk
2 Critical Strike
» actions
| Build / train | 34 | |
| Enter build submenu | 22 | |
| Enter hero's abilities submenu | 3 | |
| Right click | 565 | |
| Select / deselect | 330 | |
| Use ability | 33 | |
987 total
» units
» upgrades
| Melee Weapons | 2 | |
| Spiked Barricades | 1 | |
| Armor | 1 | |
| Berserker Strength | 1 | |
5 total
» buildings
| Altar of Storms | 1 | |
| Orc Burrow | 5 | |
| Barracks | 1 | |
| War Mill | 1 | |
| Watch Tower | 2 | |
| Stronghold | 2 | |
| Voodoo Lounge | 1 | |
| Fortress | 2 | |
| Tauren Totem | 1 | |
| Great Hall | 1 | |
17 total
» build order
00:12 Altar of Storms
00:23 Orc Burrow
01:22 Barracks
01:30 Orc Burrow
02:31 War Mill
04:49 Orc Burrow
05:05 Watch Tower
05:50 Orc Burrow
06:10 Stronghold
06:22 Voodoo Lounge
08:49 Fortress
09:29 Orc Burrow
11:53 Tauren Totem
15:42 Great Hall
19:41 Stronghold
20:01 Watch Tower
23:54 Fortress
Chat log
(00:33 / Allies) fsmskyil: unit?
(00:55 / Allies) C.J.W.: banshees...
(01:06 / Allies) C.J.W.: if we cc
(01:14 / Allies) C.J.W.: otherwise fiends for rush
(02:00 / Allies) C.J.W.: since it looks like we ain't gonna rush
(02:05 / Allies) C.J.W.: i might as well tech,...
(02:20 / Allies) C.J.W.: just wanna pull this off once...
(03:20 / Allies) C.J.W.: yellow rushing?
(03:34 / Allies) C.J.W.: yep
(04:19 / Allies) C.J.W.: they teching to
(04:30 / Allies) C.J.W.: hah!
(04:40 / Allies) C.J.W.: 4v3
(04:41 / Allies) C.J.W.: nice
(04:52 / Allies) C.J.W.: im making fiends now...
(05:10 / Allies) C.J.W.: and banshees
(05:16 / Allies) C.J.W.: HIT!
(06:39 / Allies) C.J.W.: red
(07:13 / Allies) C.J.W.: don't kill off mine though
(07:15 / Allies) C.J.W.: leave it
(07:21 / Allies) C.J.W.: so they
(07:24 / Allies) C.J.W.: RED STOP
(07:41 / Allies) C.J.W.: IDFIOT\
(11:29 / All) C.J.W.: gee thanks
(11:33 / All) C.J.W.: heh
(11:44 / All) C.J.W.: free raiders...
(14:35 / Allies) C.J.W.: copunter
(14:41 / Allies) C.J.W.: get a scroll
(17:32 / Allies) C.J.W.: heh
(17:36 / Allies) C.J.W.: im gonna get a bm
(17:39 / Allies) C.J.W.: while undead
(18:28 / Allies) fsmskyil: b?
(18:52 / Allies) C.J.W.: get them!
(19:00 / Allies) C.J.W.: why we running?
(19:24 / Allies) C.J.W.: going with teal
(19:54 / Allies) C.J.W.: gold me?
(20:48 / All) damn_i_cum: g
(20:50 / All) damn_i_cum: gg
(21:01 / Allies) fsmskyil: this no fihgt to us
(22:05 / Allies) C.J.W.: woo
(22:09 / Allies) C.J.W.: got a blademaster
(22:54 / All) C.J.W.: i got a Blademaster
(22:58 / All) C.J.W.: as Undead!
(24:05 / Allies) C.J.W.: did I do any good?